[gd_scene load_steps=16 format=3 uid="uid://bxnjjbqpqt4l5"]

[ext_resource type="Script" path="res://Scripts/Blocs/Balle_Classique.gd" id="1_xeyst"]
[ext_resource type="Texture2D" uid="uid://bjhfb4u21sxlv" path="res://Assets/Sprites/Blocs/Balle_Classique/Explosion_Balle_Classique_F01.png" id="2_dqqb8"]
[ext_resource type="Texture2D" uid="uid://86ont277m6gx" path="res://Assets/Sprites/Blocs/Balle_Classique/Explosion_Balle_Classique_F02.png" id="3_fq2d5"]
[ext_resource type="Texture2D" uid="uid://5k7w2nshtove" path="res://Assets/Sprites/Blocs/Balle_Classique/Explosion_Balle_Classique_F03.png" id="4_1pkeu"]
[ext_resource type="Texture2D" uid="uid://bjr3a8ll785vw" path="res://Assets/Sprites/Blocs/Balle_Classique/Explosion_Balle_Classique_F04.png" id="5_n0xjy"]
[ext_resource type="Texture2D" uid="uid://bbfjyn80aclq0" path="res://Assets/Sprites/Blocs/Balle_Classique/Balle_Classique_F01.png" id="6_sw38c"]
[ext_resource type="Texture2D" uid="uid://dyd4ti6coasr6" path="res://Assets/Sprites/Blocs/Balle_Classique/Balle_Classique_F02.png" id="7_y5voq"]
[ext_resource type="Texture2D" uid="uid://dao4dcpwg6hva" path="res://Assets/Sprites/Blocs/Balle_Classique/Balle_Classique_F03.png" id="8_aiajr"]
[ext_resource type="Texture2D" uid="uid://cxofhv0lfiqkv" path="res://Assets/Sprites/Blocs/Balle_Classique/Balle_Classique_F04.png" id="9_xnymn"]
[ext_resource type="Texture2D" uid="uid://qymay6bqbh36" path="res://Assets/Sprites/Blocs/Balle_Classique/Balle_Classique_F05.png" id="10_7x5uk"]

[sub_resource type="Animation" id="Animation_uhb6r"]
resource_name = "Explosion"
length = 0.6
tracks/0/type = "value"
tracks/0/imported = false
tracks/0/enabled = true
tracks/0/path = NodePath("RigidBody2D/Balle_Sprite2D:texture")
tracks/0/interp = 1
tracks/0/loop_wrap = true
tracks/0/keys = {
"times": PackedFloat32Array(0, 0.1, 0.2, 0.3, 0.4),
"transitions": PackedFloat32Array(1, 1, 1, 1, 1),
"update": 1,
"values": [ExtResource("2_dqqb8"), ExtResource("3_fq2d5"), ExtResource("4_1pkeu"), ExtResource("5_n0xjy"), null]
}
tracks/1/type = "method"
tracks/1/imported = false
tracks/1/enabled = true
tracks/1/path = NodePath(".")
tracks/1/interp = 1
tracks/1/loop_wrap = true
tracks/1/keys = {
"times": PackedFloat32Array(0.5),
"transitions": PackedFloat32Array(1),
"values": [{
"args": [],
"method": &"queue_free"
}]
}

[sub_resource type="Animation" id="Animation_8osc5"]
resource_name = "Idle"
loop_mode = 1
tracks/0/type = "value"
tracks/0/imported = false
tracks/0/enabled = true
tracks/0/path = NodePath("RigidBody2D/Balle_Sprite2D:texture")
tracks/0/interp = 1
tracks/0/loop_wrap = true
tracks/0/keys = {
"times": PackedFloat32Array(0, 0.1, 0.2, 0.3, 0.4, 0.5, 0.6, 0.7, 0.8, 0.9, 1),
"transitions": PackedFloat32Array(1, 1, 1, 1, 1, 1, 1, 1, 1, 1, 1),
"update": 1,
"values": [ExtResource("6_sw38c"), ExtResource("7_y5voq"), ExtResource("8_aiajr"), ExtResource("9_xnymn"), ExtResource("10_7x5uk"), ExtResource("7_y5voq"), ExtResource("6_sw38c"), ExtResource("10_7x5uk"), ExtResource("9_xnymn"), ExtResource("7_y5voq"), ExtResource("8_aiajr")]
}

[sub_resource type="Animation" id="Animation_nce74"]
length = 0.001
tracks/0/type = "value"
tracks/0/imported = false
tracks/0/enabled = true
tracks/0/path = NodePath("RigidBody2D/Balle_Sprite2D:texture")
tracks/0/interp = 1
tracks/0/loop_wrap = true
tracks/0/keys = {
"times": PackedFloat32Array(0),
"transitions": PackedFloat32Array(1),
"update": 1,
"values": [ExtResource("6_sw38c")]
}

[sub_resource type="AnimationLibrary" id="AnimationLibrary_vap4b"]
_data = {
"Explosion": SubResource("Animation_uhb6r"),
"Idle": SubResource("Animation_8osc5"),
"RESET": SubResource("Animation_nce74")
}

[sub_resource type="CircleShape2D" id="CircleShape2D_5p6gx"]
radius = 17.0

[node name="Balle_Warpzone" type="Node2D" node_paths=PackedStringArray("rigid_body", "animation_player", "sprite")]
script = ExtResource("1_xeyst")
rigid_body = NodePath("RigidBody2D")
animation_player = NodePath("AnimationPlayer")
sprite = NodePath("RigidBody2D/Balle_Sprite2D")
metadata/Type = "Balle_Warpzone"

[node name="AnimationPlayer" type="AnimationPlayer" parent="."]
libraries = {
"": SubResource("AnimationLibrary_vap4b")
}
autoplay = "Idle"

[node name="RigidBody2D" type="RigidBody2D" parent="."]

[node name="Balle_Sprite2D" type="Sprite2D" parent="RigidBody2D"]
scale = Vector2(0.4, 0.4)
texture = ExtResource("6_sw38c")

[node name="CollisionShape2D" type="CollisionShape2D" parent="RigidBody2D"]
shape = SubResource("CircleShape2D_5p6gx")
